Map: Ruby Rock LE

Players

Cypem

  • Race: Zerg Zerg
  • League: Grandmaster
  • Spawn Location: 11:00

A.I. 1 (Very Easy) - Winner!

  • Race: Terran Terran
  • Spawn Location: 5:00

VOD

https://www.patreon.com/c/zergsgroundzero/posts

Description

Time

  • Played on: Feb. 4, 2026, 4:47 a.m.
  • Length: 8:19
Show
View Real Time Build Order
Export as new Build Order

Cypem Zerg 

Build Orders: Hatch First 

Get SALT Encoding   

  12  0:00  Drone  
  13  0:09  Drone  
  14  0:14  Extractor  
  14  0:16  Drone  
  15  0:21  Overlord  
  15  0:40  Drone  
  16  0:46  Hatchery  
  16  0:49  Drone  
  16  0:53  Drone  
  18  0:57  Drone  
  18  1:07  Extractor  
  17  1:12  Spawning Pool  
  17  1:14  Drone  
  18  1:18  Drone  
  18  1:26  Drone  
  19  1:37  Drone  
  20  1:48  Drone  
  21  1:59  Queen x2  
  21  2:00  Zergling x4  
  27  2:09  Overlord  
  27  2:11  Drone  
  27  2:14  Metabolic Boost  
  28  2:27  Hatchery  
  28  2:29  Drone  
  28  2:32  Drone  
  28  2:34  Drone  
  30  2:43  Drone  
  31  2:44  Queen  
  31  2:49  Overlord  
  33  2:51  Drone  
  33  2:55  Drone  
  33  2:58  Overlord  
  35  3:02  Drone  
  36  3:10  Drone x3  
  36  3:11  Drone x2  
  42  3:12  Drone  
  42  3:15  Drone  
  43  3:23  Queen  
  45  3:27  Queen  
  45  3:30  Overlord  
  47  3:35  Zergling x4  
  47  3:36  Zergling x2  
  47  3:38  Zergling x2  
  47  3:39  Zergling x2  
  52  3:42  Overlord  
  52  3:47  Drone x3  
  55  3:53  Drone x3  
  55  3:54  Drone  
  59  3:57  Drone x2  
  59  4:02  Drone x2  
  63  4:05  Queen  
  63  4:09  Drone  
  66  4:11  Drone x2  
  66  4:12  Drone  
  66  4:13  Drone  
  66  4:15  Drone  
  71  4:23  Hatchery  
  70  4:26  Lair  
  70  4:32  Drone  
  70  4:33  Spore Crawler, Drone x4  
  74  4:40  Overlord  
  74  4:41  Overlord x2  
  74  4:45  Spore Crawler, Baneling Nest  
  73  4:47  Spore Crawler  
  73  4:48  Extractor  
  73  4:49  Drone x2  
  73  4:52  Drone x2  
  74  4:59  Drone  
  75  5:00  Drone x5  
  75  5:04  Drone  
  75  5:05  Drone x2  
  83  5:09  Drone  
  83  5:10  Overlord  
  83  5:11  Drone  
  85  5:15  Overlord  
  85  5:16  Drone x2  
  85  5:21  Drone x3  
  90  5:23  Drone  
  90  5:25  Drone  
  92  5:30  Extractor x2, Drone x2  
  92  5:32  Evolution Chamber  
  92  5:33  Evolution Chamber  
  90  5:36  Overlord  
  90  5:37  Drone x2  
  90  5:41  Drone x2  
  94  5:43  Drone  
  94  5:46  Spore Crawler  
  94  5:47  Drone  
  94  5:48  Zergling x6  
  98  5:56  Zergling x2  
  99  5:58  Zergling x8  
  99  6:00  Centrifugal Hooks, Zerg Melee Weapons Level 1  
  99  6:01  Zerg Ground Armor Level 1, Zergling x8  
  107  6:07  Zergling x2  
  108  6:11  Drone  
  108  6:12  Hatchery  
  108  6:13  Zergling x2  
  108  6:14  Zergling x8  
  108  6:16  Overlord  
  113  6:22  Hatchery, Overlord  
  113  6:23  Overlord, Zergling x2  
  113  6:27  Zergling x6  
  113  6:30  Zergling x2  
  113  6:31  Zergling x6  
  120  6:35  Zergling x4  
  122  6:40  Zergling x10, Hatchery  
  122  6:42  Zergling x2  
  122  6:43  Zergling x4  
  122  6:45  Zergling x2  
  122  6:46  Zergling x2  
  131  6:51  Zergling x2  
  131  6:52  Infestation Pit  
  131  6:54  Drone  
  131  6:55  Drone x3  
  131  6:56  Drone  
  131  6:57  Zergling x8  
  131  7:00  Baneling x10  
  140  7:03  Baneling x16, Zergling x2  
  140  7:04  Zergling x2  
  140  7:07  Zergling x10  
  147  7:10  Zergling x6  
  147  7:13  Overlord  
  150  7:17  Overlord x2  
  149  7:23  Overlord  
  149  7:24  Zergling x2  
  149  7:26  Zergling x2  
  151  7:31  Overlord, Zergling x2  
  151  7:32  Zergling x2  
  153  7:38  Zergling x18  
  162  7:45  Zergling x2  
  162  7:46  Zergling x20  
  162  7:48  Overlord  
  175  7:53  Zergling x2  
  175  7:54  Zergling x2  
  175  7:55  Zergling x2  
  178  8:00  Zergling x14  
Show
View Real Time Build Order
Export as new Build Order

A.I. 1 (Very Easy) Terran - Winner!

Build Orders:  

Get SALT Encoding   

  12  0:00  SCV  
  13  0:13  SCV  
  14  0:18  Supply Depot  
  14  0:36  Refinery  
  14  0:41  Barracks  
  14  1:04  Supply Depot  
  14  1:11  Refinery  
  14  1:29  Barracks Tech Lab, Orbital Command  
  14  1:47  Marine  
  15  1:54  SCV  
  16  2:06  SCV  
  17  2:18  SCV  
  18  2:31  SCV  
  18  2:32  Marine  
  20  2:43  SCV  
  21  2:55  SCV  
  22  3:19  Marauder  
  24  4:30  SCV  
  24  6:42  Marine, SCV  
  24  6:45  Supply Depot  
  24  6:47  Factory  
  26  6:49  Command Center  
  27  6:54  SCV  
  27  7:06  SCV  
  28  7:10  Supply Depot  
  26  7:15  Marine  
  26  7:18  SCV  
  26  7:34  Starport  
  26  7:49  Marine  
  27  8:02  SCV  
  28  8:11  Refinery, Starport Tech Lab  
  28  8:12  Refinery  
Tags
 
Add a new tag
Caveats
  • Supply blocks, unpowered buildings, or Contaminate may cause inaccurate times.
  • Supply counts are checked every 10 seconds.